Unix NetHack Version 5.0.0-0 post-release - last build May 23 2026 06:08:33 (1c0ff79ee797540d5714e4e18072db0edd9e58ae,branch:main).

Game began 2026-05-24 21:46:25, ended 2026-05-24 21:58:43.

ArrBianca, chaotic female elven Priestess

                                                            -----------
                                                            |.........|
                                                            ........q.|
                                                            |.......%.q@
                                                            |.........|#
                                                            -- --------#
                                                                      ##
                                                                      #
                                                                      #
                                                                      #
                                                                     ##
                                                                     #------
                                                                     #|>...|
                                                                     #|....|
                                                                     #-...i|
                                                                      |....|
                                                                      ------

ArrBianca the Adept          St:14 Dx:9 Co:9 In:13 Wi:19 Ch:11  Chaotic
Dlvl:4  $:0  HP:0(46) Pw:99(99) AC:7  Xp:6 T:2425  Burdened

Latest messages:
 What do you want to eat? [fJKMPTZ or ?*] Z
 You have a very bad case of stomach acid.
 You finish eating the small glob of gray ooze.
 You see here a statue of a manes.
 You find a hidden door.
 The door opens.
 You find a hidden door.
 This door is locked.
 This door is locked.
 This door is locked.
 This door is locked.
 Ouch!  You bump into a door.
 This door is locked.
 Ouch!  You bump into a door.
 In what direction? d
 In what direction? h
 Whammm!!
 Whammm!!
 Whammm!!
 Thwack!!
 As you kick the door, it crashes open!
 The rothe hits!
 The rothe bites!
 The rothe bites again!
 You hit the rothe!
 You hit the rothe.
 The rothe hits!
 The rothe misses!
 The rothe bites!
 You kill the rothe!
 You miss the rothe.
 The rothe hits!
 The rothe bites!
 The rothe just misses!
 The rothe hits!
 The rothe bites!
 The rothe bites again!
 You miss the rothe.
 The rothe hits!
 The rothe misses!
 The rothe bites!
 You miss the rothe.
 You hit the rothe.
 The rothe hits!
 The rothe bites!
 The rothe bites again!
 The rothe hits!
 The rothe bites!
 You die...
 Do you want your possessions identified? [ynq] (y) q

Inventory:
 Amulets  ('"')
  o - a cursed amulet of restful sleep
 Weapons  (')')
  n - 9 +0 darts
  B - 6 +0 orcish daggers
  a - a blessed +1 mace (weapon in right hand)
  w - a blessed +0 scimitar
  F - the +0 Sunsword
 Armor    ('[')
  t - a blessed +1 orcish helm
  x - a blessed +0 orcish helm
  c - a +0 small shield (being worn)
  y - a +0 mummy wrapping
  b - a +0 robe (being worn)
 Comestibles  ('%')
  J - 2 cursed slime molds
  T - 4 carrots
  M - 3 cursed food rations
  K - a cursed lembas wafer
  f - a sprig of wolfsbane
  P - 2 cursed eggs
 Scrolls  ('?')
  E - a scroll of confuse monster
  R - a cursed scroll of enchant armor
  L - a cursed scroll of light
 Spellbooks  ('+')
  h - a spellbook of cure blindness
  g - a spellbook of healing
 Potions  ('!')
  A - a potion of extra healing
  l - a potion of gain energy
  O - a cursed potion of gain energy
  S - a cursed potion of healing
  D - a potion of levitation
  N - a cursed potion of object detection
  G - a potion of paralysis
  d - 4 potions of holy water
  m - a potion of water
 Rings    ('=')
  H - a cursed +1 ring of gain strength
  p - a ring of shock resistance
 Wands    ('/')
  u - a wand of create monster (0:12)
  Q - a cursed wand of make invisible (0:4)
  I - a cursed wand of slow monster (0:7)
  r - a wand of speed monster (0:2)
 Tools    ('(')
  j - a leather drum
  i - a magic marker (0:22)
  v - a tin opener

ArrBianca the Priestess's attributes:

Background:
 You were an Adept, a level 6 elven Priestess.
 You were chaotic, nominally on a mission for Manannan Mac Lir
 who was opposed by Lugh (lawful) and Brigit (neutral).
 You were right-handed.
 You were in the Dungeons of Doom, on level 4.
 You entered the dungeon 2425 turns ago.
 You had 427 experience points, 213 more were needed to attain level 7.

Basics:
 You had 0 out of 46 hit points.
 You had all 99 energy points (spell power).
 Your armor class was 7.
 Your wallet was empty.
 Autopickup was on for '$?!/="+%' plus thrown, with exceptions.

Final Characteristics:
 Your strength was 14 (limit:18).
 Your dexterity was 9 (limit:18).
 Your constitution was 9 (limit:16).
 Your intelligence was 13 (limit:20).
 Your wisdom was 19 (peak:20, limit:20).
 Your charisma was 11 (limit:18).

Final Status:
 You weren't hungry.
 You were burdened; movement was slightly slowed.
 You were wielding a mace.
 You were skilled in mace.

Final Attributes:
 You were piously aligned.
 You were sleep resistant.
 You had infravision.
 You were guarded.
 Your spell casting was enhanced by wearing a robe.
 You are dead.

Miscellaneous:
 You encountered 1 bones level.
 Total elapsed playing time was 12 minutes and 18 seconds.

Major events:
 Turn
    1: ArrBianca the chaotic elven Priestess entered the dungeon
  975: attained the rank of Acolyte (level 3)
 1733: found Sunsword on the floor
 1984: attained the rank of Adept (level 6)
 2425: killed by a rothe

Spells:
 Name                 Level Category     Fail Retention
 healing                1   healing        0%  76%-100%
 cure blindness         2   healing        2%  76%-100%

Skills:
 Fighting Skills
   bare handed combat [Unskilled]
 Weapon Skills
   club               [Unskilled]
   mace               [Skilled]
   morning star       [Unskilled]
   flail              [Unskilled]
   hammer             [Unskilled]
   quarterstaff       [Unskilled]
   polearms           [Unskilled]
   spear              [Unskilled]
   trident            [Unskilled]
   lance              [Unskilled]
   bow                [Unskilled]
   sling              [Unskilled]
   crossbow           [Unskilled]
   dart               [Unskilled]
   shuriken           [Unskilled]
   boomerang          [Unskilled]
   unicorn horn       [Unskilled]
 Spellcasting Skills
   healing spells     [Unskilled]
   divination spells  [Unskilled]
   clerical spells    [Basic]

Voluntary challenges:
 Character rerolling was not enabled.
 You were an atheist.
 You never had a pet.
 You never genocided any monsters.
 You never polymorphed an object.
 You never changed form.
 You used no wishes.
Achievements:
 You entered a shop.
 You attained the rank of Acolyte.
 You attained the rank of Adept.

 The Dungeons of Doom: levels 1 to 6
    Level 1:
    Level 2:
       A general store, a fountain.
    Level 3:
    Level 4: <- You were here.
       Final resting place for
          you, killed by a rothe.
    Level 5:
       Many fountains.
       Oracle of Delphi.
       Final resting place for
          Leegion-Kni-Hum-Mal-Law, killed by an invisible housecat.
    Level 6:


Vanquished creatures:
  a ghost
  3 housecats
  a rock mole
  2 shriekers
  a violet fungus
  a red naga hatchling
  a guardian naga hatchling
  a gray ooze
  a straw golem
  a floating eye
  a dwarf
 10 hill orcs
  3 rothes
  a centipede
  a monkey
 an acid blob
  a coyote
  4 manes
  a hobgoblin
  a yellow mold
  2 geckos
  3 jackals
  2 kobolds
  a goblin
  4 grid bugs
  2 lichens
51 creatures vanquished.

No species were genocided or became extinct.

Game over:
                       ----------
                      /          \
                     /    REST    \
                    /      IN      \
                   /     PEACE      \
                  /                  \
                  |    ArrBianca     |
                  |       0 Au       |
                  |   killed by a    |
                  |      rothe       |
                  |                  |
                  |                  |
                  |       2026       |
                 *|     *  *  *      | *
        _________)/\\_//(\/(/\)/\//\/|_)_______

Goodbye ArrBianca the Priestess...

You died in The Dungeons of Doom on dungeon level 4 with 1978 points,
and 0 pieces of gold, after 2425 moves.
You were level 6 with a maximum of 46 hit points when you died.

